 Dungeon Crawl Stone Soup version 0.30-a0-782-ge64f9170bb (webtiles) character file.

Game seed: 5951151557198965907

39 theswoord the Twirler (level 3, 7/27 HPs)
             Began as a Demonspawn Gladiator on Mar 15, 2023.
             Quit the game on level 2 of the Dungeon.
             The game lasted 00:01:07 (867 turns).

theswoord the Twirler (Demonspawn Gladiator)         Turns: 867, Time: 00:01:08

Health: 7/27       AC:  4    Str: 16    XL:     3   Next: 28%
Magic:  3/3        EV: 12    Int:  9    God:
Gold:   69         SH:  0    Dex: 14    Spells: 2/2 levels left

rFire   . . .      SeeInvis .    a - +0 quarterstaff
rCold   . . .      Faith    .    (shield currently unavailable)
rNeg    . . .      Spirit   .    b - +0 leather armour
rPois   .          Reflect  .    c - +0 helmet
rElec   .          Harm     .    (no cloak)
rCorr   .          Rampage  .    (no gloves)
Will    .....                    (no boots)
Stlth   +                        (no amulet)
HPRegen 0.24/turn                (no ring)
MPRegen 0.08/turn                (no ring)

@: no status effects
A: weakness stinger 2
a: no special abilities


You were on level 2 of the Dungeon.
You visited 1 branch of the dungeon, and saw 2 of its levels.

You collected 69 gold pieces.

Inventory:

Hand Weapons
 a - a +0 quarterstaff (weapon)
Missiles
 d - 3 throwing nets (quivered)
 e - a javelin
Armour
 b - a +0 leather armour (worn)
 c - a +0 helmet (worn)
 n - a +1 pair of boots
Potions
 f - 2 potions of curing {unknown}
 h - a potion of flight {unknown}
 m - a potion of berserk rage {unknown}


   Skills:
 - Level 2.0 Fighting
 + Level 4.0 Staves
 - Level 1.7 Throwing
 - Level 2.6 Dodging


You had 2 spell levels left.
You didn't know any spells.
Your spell library contained the following spells:

 Spells                   Type           Power      Damage    Failure   Level
 Summon Small Mammal      Summ           0%         N/A       45%         1
 Call Canine Familiar     Summ           0%         N/A       83%         3
 Summon Guardian Golem    Hex/Summ       0%         N/A       83%         3


Dungeon Overview and Level Annotations

Branches:
Dungeon (2/15)

Altars:


Innate Abilities, Weirdness & Mutations

You have a tail ending in a sharp stinger.


Message History

The hobgoblin attacks as you move away! The hobgoblin closely misses you.
The goblin attacks as you move away! The goblin hits you but does no damage.
The goblin shouts!
You hear a shout!
The goblin hits you but does no damage. Robin throws the goblin at you!
The goblin attacks as you move away! The goblin hits you with a +0 dagger.
Your surroundings seem slightly different.
A hobgoblin comes into view.
The goblin shouts!
A worm comes into view.
A hobgoblin comes into view.
The goblin attacks as you move away! The goblin hits you with a +0 dagger.
Robin attacks as you move away! Robin hits you with a +3 club.
The goblin unwields a +0 club.
The goblin wields a +0 sling.
The goblin shoots a sling bullet.
The sling bullet barely misses you.
Robin laughs in a distinctly smug fashion.
You closely miss the goblin. The goblin closely misses you.
The goblin misses you. Robin hits you but does no damage.
The goblin hits you with a +0 dagger.
You sock Robin! The goblin hits you with a +4 dagger.
* * * LOW HITPOINT WARNING * * *
The goblin hits you but does no damage. Robin throws the goblin at you!
* * * LOW HITPOINT WARNING * * *
The goblin barely misses you. x2
You hit Robin. The goblin misses you. The goblin hits you but does no damage.
The goblin barely misses you. The goblin hits you but does no damage.
You hit Robin.
The goblin hits you but does no damage. x3
The goblin closely misses you.
You hit Robin.
You kill Robin!
The goblin hits you with a +0 dagger.
* * * LOW HITPOINT WARNING * * *
The goblin hits you with a +4 dagger.
* * * LOW HITPOINT WARNING * * *
The goblin closely misses you. The goblin barely misses you.
Your Staves skill increases to level 4!
Saving game... please wait.
Options error: Bad channel -- pray (HDAMessageColors.rc:30) Options error: Bad channel -- food (HDAMessageColors.rc:33) Options error: Bad channel -- rotten_meat (HDAMessageColors.rc:50) Options error: Bad object type '%' for autopickup. (~/.crawlrc:189) Welcome back, theswoord the Demonspawn Gladiator.

#......# #......#
#......# #......#
.....
#...w..######.....
#.ggg.............
#gggg............
#@gg...........#
##gSg.........#
##gg........#
#.....?..#
##########


You could see a worm, 4 hobgoblins, 9 goblins and a ball python.

Vanquished Creatures
  Robin (D:2)
  2 dart slugs (D:1)
  A giant cockroach (D:1)
  2 goblins (D:1)
  8 jackals (D:1)
  4 ball pythons (D:1)
  A bat (D:1)
  3 kobolds (D:1)
  3 rats
25 creatures vanquished.

Vanquished Creatures (others)
  A plant (D:1)
1 creature vanquished.

Grand Total: 26 creatures vanquished

Notes
Turn   | Place    | Note
-------+----------+-------------------------------------------
     0 | D:1      | theswoord the Demonspawn Gladiator began the quest for the
                  | Orb.
     0 | D:1      | Reached XP level 1. HP: 16/16 MP: 1/1
    63 | D:1      | Reached skill level 3 in Staves
   154 | D:1      | Gained mutation: You have a small tail. [demonic ancestry]
   154 | D:1      | Reached XP level 2. HP: 22/22 MP: 2/2
   848 | D:2      | Gained mutation: You have a tail ending in a sharp stinger.
                  | [demonic ancestry]
   848 | D:2      | Reached XP level 3. HP: 27/27 MP: 3/3
   855 | D:2      | Noticed Robin
   866 | D:2      | Killed Robin
   867 | D:2      | Reached skill level 4 in Staves
   867 | D:2      | Quit the game

Skill      XL: |  1  2  3 |
---------------+----------+-----
Staves         | 3 4 |  4.0
Fighting       | |  2.0
Throwing       | |  1.7
Dodging        | |  2.6

Action                     || total
---------------------------++-------
  Melee: Quarterstaff      ||    65
         Tailslap          ||     1
    Use: Scroll            ||     6
 Armour: Leather armour    ||    26
  Dodge: Dodged            ||    54

Levels and vault maps discovered:
D:1:      dreamdust_arrival_beginning_and_end, layout_basic, serial_forest,
          infiniplex_forest_end_2, infiniplex_forest_end_3,
          infiniplex_forest_lined_1, infiniplex_forest_zigzag_2,
          infiniplex_forest_lined_corner, minmay_misc_feat_plants
D:2:      layout_loops_ring, serial_shops, shop_fountains, serial_rivers,
          chequers_serial_rivers_small_b, chequers_serial_rivers_small_b,
          chequers_serial_rivers_room_b, chequers_serial_rivers_micro_b,
          hellmonk_ecumenical_altar_crossroads, kennysheep_big_empty_room,
          minmay_misc_feat_tiny, grunt_ministairs_11, uniq_natasha, uniq_robin
